 Dungeon Crawl Stone Soup version 0.24-a0-170-gd8427f5 (webtiles) character file.

Game seed: 11985025997573825664

59 galech the Skirmisher (level 3, -2/29 HPs)
             Began as a Demonspawn Fighter on Mar 11, 2019.
             Slain by Sigmund
             ... wielding a +0 scythe
              (9 damage)
             ... on level 2 of the Dungeon.
             The game lasted 00:01:22 (1089 turns).

galech the Skirmisher (Demonspawn Fighter)          Turns: 1089, Time: 00:01:23

Health: -2/29      AC:  6    Str: 21    XL:     3   Next: 78%
Magic:  3/3        EV: 12    Int:  9    God:
Gold:   41         SH: 10    Dex: 18    Spells: 2/2 levels left

rFire    . . .     SeeInvis .   a - +0 war axe
rCold    . . .     Gourm    .   c - +0 shield
rNeg     . . .     Faith    .   b - +0 scale mail
rPois    .         Spirit   .   (no helmet)
rElec    .         Reflect  .   (no cloak)
rCorr    .         Harm     .   (no gloves)
MR       .....                  (no boots)
Stlth    +.........             e - amulet of rage (curse)
HPRegen  0.09/turn              (no ring)
MPRegen  0.08/turn              (no ring)

@: mighty, agile
A: powered by pain 1, rot immunity
a: Evoke Berserk Rage


You were on level 2 of the Dungeon.
You were not hungry.

You visited 1 branch of the dungeon, and saw 2 of its levels.

You collected 41 gold pieces.

Inventory:

Hand Weapons
 a - a +0 war axe (weapon)
Armour
 b - a +0 scale mail (worn)
 c - a +0 shield (worn)
Jewellery
 e - a cursed amulet of rage (around neck)
Scrolls
 h - a scroll of identify {unknown}
 j - a scroll of amnesia {unknown}
 l - a scroll of immolation {unknown}
 m - a scroll of fear {unknown}
 n - a scroll of blinking {unknown}
Potions
 i - a potion of agility {unknown}
 k - 2 potions of magic {unknown}
Comestibles
 f - 3 rations
 g - 4 chunks of flesh


   Skills:
 + Level 3.2 Fighting
 + Level 2.6 Axes
 + Level 3.1 Armour
 + Level 3.2 Shields


You had 2 spell levels left.
You didn't know any spells.
Your spell library was empty.

Dungeon Overview and Level Annotations

Branches:
Dungeon (2/15)

Altars:

Annotations:
D:2 Sigmund


Innate Abilities, Weirdness & Mutations

You sometimes gain a little power by taking damage.
You are immune to rotting.


Message History

Sigmund hits you from afar with a +0 scythe!
You block Sigmund's attack.
Found a scroll labeled LECWIPN LELIBB.
You hit Sigmund.
Sigmund is lightly wounded.
Sigmund gestures at you while chanting. The puff of flame hits you.
You closely miss Sigmund.
Sigmund is lightly wounded.
Sigmund completely misses you.
You slash Sigmund!
Sigmund is heavily wounded.
Sigmund hits you with a +0 scythe!
* * * LOW HITPOINT WARNING * * *
You focus on the pain.
You feel agile all of a sudden.
You slash Sigmund!
Sigmund is almost dead.
Sigmund hits you with a +0 scythe!
You die...

## ### #### .####
#... ... ....#
#####.#.##.?
###.####.#≈#.# $..
#......≈≈#.# #@#
######..≈#.###@# #
###≈≈≈##.....##.##..#
##≈≈≈# #.#..#.#†....#
#≈≈######..##.......#
≈≈..#.≈≈...##.......#
#.≈≈≈#.≈≈....[#.....#
####≈#.#≈≈....#.....#
#≈#.###....##.####
###.# #....##..


You could see Sigmund.

Vanquished Creatures
  An adder (D:2)
  An ooze (D:1)
  A dart slug (D:1)
  2 ball pythons
  4 giant cockroaches (D:1)
  2 goblins
  5 hobgoblins (D:1)
  2 jackals (D:1)
  6 kobolds
  10 bats
  5 frilled lizards
  4 rats (D:1)
43 creatures vanquished.

Notes
Turn   | Place    | Note
-------+----------+-------------------------------------------
     0 | D:1      | galech the Demonspawn Fighter began the quest for the Orb.
     0 | D:1      | Reached XP level 1. HP: 18/18 MP: 1/1
    94 | D:1      | Gained mutation: You are immune to rotting. [demonic
                  | ancestry]
    94 | D:1      | Reached XP level 2. HP: 17/24 MP: 2/2
   526 | D:1      | Gained mutation: You sometimes gain a little power by
                  | taking damage. [demonic ancestry]
   526 | D:1      | Reached XP level 3. HP: 29/29 MP: 3/3
  1082 | D:2      | Noticed Sigmund
  1089 | D:2      | Slain by Sigmund

Levels and vault maps discovered:
D:1:      psy_arrival_dodecagon, layout_loops_corners, roderic_serpentine_path
D:2:      layout_rooms, first_ration, serial_rivers,
          chequers_serial_rivers_micro_e, chequers_serial_rivers_small_b,
          chequers_serial_rivers_small_3, chequers_serial_rivers_micro_c,
          chequers_serial_rivers_micro_e, chequers_serial_rivers_room_a,
          uniq_sigmund, uniq_robin

Skill      XL: |  1  2 |
---------------+-------+-----
Axes           | 2 |  2.6
Armour         | 3 |  3.1
Shields        | 3 |  3.2
Fighting       | |  3.2

Action                   || total
-------------------------++-------
Melee: War axe           ||   116
  Use: Potion            ||     1
  Eat: Chunk             ||     1
Armor: Scale mail        ||    60
Dodge: Dodged            ||    27
Block: Shield            ||    60

Table legend:
 A = Non-vault XP
 B = Vault XP
 C = Vault XP percentage of total XP
 D = Non-vault monster count
 E = Vault monster count
 F = Vault count percentage of total count
                 A         B        C        D         E       F
            +---------+---------+-------+---------+---------+-------
      Total |      85 |       0 |   0.0 |      43 |       0 |   0.0
            +---------+---------+-------+---------+---------+-------
        D:1 |      63 |       0 |   0.0 |      36 |       0 |   0.0
        D:2 |      22 |       0 |   0.0 |       7 |       0 |   0.0
            +---------+---------+-------+---------+---------+-------
